 Dungeon Crawl Stone Soup version 0.22-a0-351-g29664b4 (webtiles) character file.

2037 4thArraOfDagon the Firebug (level 9, -1/51 HPs)
             Began as an Octopode Fire Elementalist on Apr 12, 2018.
             Was a Believer of Vehumet.
             Slain by a killer bee (6 damage)
             ... on level 7 of the Dungeon on Apr 13, 2018.
             The game lasted 00:15:37 (3653 turns).

4thArraOfDagon the Firebug (OpFE)                   Turns: 3653, Time: 00:15:38

Health: -1/51      AC:  4    Str:  8    XL:     9   Next: 24%
Magic:  16/16      EV: 16    Int: 20    God:    Vehumet [**....]
Gold:   63         SH:  0    Dex: 21    Spells: 10/18 levels left

rFire    + + .     SeeInvis .   a - +2 whip (elec)
rCold    + . .     Gourm    .   g - +0 shield (curse)
rNeg     . . .     Faith    .   (helmet restricted)
rPois    +         Spirit   .   d - amulet of regeneration
rElec    +         Reflect  .   k - ring of fire
rCorr    +         Harm     .   o - ring of poison resistance
MR       .....                  p - +4 ring of dexterity
Stlth    +++.......             q - +3 ring of protection
HPRegen  0.57/turn              j - ring of protection from cold
MPRegen  0.15/turn              (no ring)
                                (no ring)
                                (no ring)

@: confused, agile, lethally poisoned (-1 -> -1), resistant
A: almost no armour, stealthy swim, amphibious, 8 rings, constrict 8, camouflage
1, gelatinous body 1
a: Renounce Religion


You were on level 7 of the Dungeon.
You worshipped Vehumet.
Vehumet was pleased with you.
You were not hungry.

You visited 2 branches of the dungeon, and saw 8 of its levels.

You collected 243 gold pieces.
You spent 180 gold pieces at shops.

Inventory:

Hand Weapons
 a - a +2 whip of electrocution (weapon)
 i - a +1 flail
Armour
 g - a cursed +0 shield (worn)
Jewellery
 d - an amulet of regeneration (around mantle)
 j - a ring of protection from cold (on tentacle)
 k - a ring of fire (left tentacle)
 o - a ring of poison resistance (right tentacle)
 p - a +4 ring of dexterity (on tentacle)
 q - a +3 ring of protection (on tentacle)
Wands
 f - a wand of paralysis (13)
Scrolls
 m - 2 scrolls of blinking
 t - 2 scrolls of teleportation {unknown}
 u - a scroll of remove curse {unknown}
 w - a scroll of fog
Potions
 e - 2 potions of flight
 h - a potion of haste {unknown}
 r - a potion of mutation {unknown}
Comestibles
 b - 10 rations
 l - a chunk of flesh


   Skills:
 - Level 2.0 Dodging
 - Level 2.6 Stealth
 + Level 2.7 Shields
 + Level 5.0 Spellcasting
 * Level 7.2 Conjurations
 * Level 7.9 Fire Magic


You had 10 spell levels left.
You knew the following spells:

 Your Spells              Type           Power        Failure   Level  Hunger
a - Flame Tongue          Conj/Fire      #####        2%          1    None
b - Conjure Flame         Conj/Fire      ######..     8%          3    ##.....
c - Sticky Flame          Conj/Fire      ######..     24%         4    ####...


Dungeon Overview and Level Annotations

Branches:
Dungeon (7/15)             Temple (1/1) D:4

Altars:
Cheibriados
Dithmenos
Elyvilon
Fedhas
Hepliaklqana
Kikubaaqudgha
Makhleb
Nemelex Xobeh
Okawaru
Qazlal
Ru
Sif Muna
Trog
Uskayaw
Vehumet
Wu Jian
Xom
Yredelemnul
Zin
The Shining One

Shops:
D:6 }


Innate Abilities, Weirdness & Mutations

You cannot wear most types of armour.
You are very stealthy in the water. (Stealth+)
You are amphibious.
You can wear up to eight rings at the same time.
You can use your tentacles to constrict eight enemies at once.
Your skin changes colour to match your surroundings (Stealth+).
Your rubbery body absorbs attacks. (AC +1, EV +1)


Message History

You feel sick. The killer bee misses you. The killer bee stings you.
Unknown command.
Unknown command.
Unknown command.
The killer bee barely misses you. The killer bee stings you.
* * * LOW HITPOINT WARNING * * *
Unknown command.
Unknown command.
Unknown command.
Unknown command.
You bump into the rock wall.
You feel sick. The killer bee barely misses you. The killer bee stings you!
* * * LOW HITPOINT WARNING * * *
The killer bee misses you. x2
Unknown command.
Unknown command.
Unknown command.
Unknown command.
The killer bee stings you.
You die...

###.........†...###.^.##
##........#####.##^.^..#
.........## #.###^^^##
#........# ####^^_.^#
......(.## #######
....)...# ### ......###
#>## ##.##..## #####.y##
##)##(..# #...y@y.#
#.##(#o####...oy..#
#.##y#...##.......#
#.##(###..#o......#
#....(............#
###..)............#
###.............#
.....(..........#
#........).......#


You could see 4 killer bees and 2 orcs.

Vanquished Creatures
  Sigmund (D:2)
  The ghost of khargal the Sneak, an amateur OpAs (D:3)
  An ice beast (D:6)
  A sky beast (D:7)
  An ogre (D:7)
  3 centaurs
  A big kobold (D:7)
  2 bullfrogs (D:6)
  Blork the orc (D:5)
  2 scorpions
  3 wights (D:6)
  2 killer bees (D:7)
  3 crimson imps
  5 orc priests
  2 iguanas (D:5)
  2 orc wizards
  A worker ant (D:7)
  A hound skeleton (D:4)
  11 adders
  7 gnolls
  A worm (D:2)
  A dart slug (D:2)
  3 leopard geckos
  19 orcs
  10 bats
  4 giant cockroaches
  10 goblins
  8 hobgoblins
  13 kobolds
  A quokka (D:3)
  10 frilled lizards
  A leopard gecko skeleton (D:6)
  7 rats
  A spectral orc (D:7)
140 creatures vanquished.

Notes
Turn   | Place    | Note
-------+----------+-------------------------------------------
     0 | D:1      | 4thArraOfDagon the Octopode Fire Elementalist began the quest for the Orb.
     0 | D:1      | Reached XP level 1. HP: 11/11 MP: 3/3
    53 | D:1      | Reached XP level 2. HP: 11/17 MP: 1/5
   329 | D:1      | Reached XP level 3. HP: 19/21 MP: 4/6
   337 | D:1      | Learned a level 3 spell: Conjure Flame
   699 | D:3      | Reached XP level 4. HP: 25/27 MP: 4/7
   779 | D:4      | Found a staircase to the Ecumenical Temple.
   843 | Temple   | Entered the Ecumenical Temple
   924 | Temple   | Became a worshipper of Vehumet
  1196 | D:1      | Reached XP level 5. HP: 31/31 MP: 8/8
  1207 | D:1      | Learned a level 4 spell: Sticky Flame
  1441 | D:2      | Found a faded altar of an unknown god.
  1684 | D:2      | Noticed Sigmund
  1691 | D:2      | Killed Sigmund
  1691 | D:2      | Reached skill level 5 in Fire Magic
  1691 | D:2      | Reached XP level 6. HP: 20/36 MP: 10/10
  1708 | D:3      | Noticed khargal's ghost (amateur OpAs)
  1721 | D:3      | Killed khargal's ghost
  1849 | D:3      | Reached XP level 7. HP: 37/41 MP: 12/12
  1910 | D:3      | Reached * piety under Vehumet
  1910 | D:3      | Offered knowledge of Freeze by Vehumet.
  2270 | D:5      | Entered Level 5 of the Dungeon
  2287 | D:5      | Found Semelliu's Food Shoppe.
  2309 | D:5      | Noticed Blork the orc
  2317 | D:5      | Killed Blork the orc
  2335 | D:5      | Found a glowing silver altar of Zin.
  2359 | D:5      | Reached skill level 5 in Conjurations
  2703 | D:5      | Reached XP level 8. HP: 40/46 MP: 12/14
  3083 | D:6      | Found Hienniom's Gadget Boutique.
  3096 | D:6      | Bought a wand of paralysis (13) for 180 gold pieces
  3122 | D:6      | Reached skill level 1 in Shields
  3156 | D:6      | Found a shimmering altar of Xom.
  3235 | D:6      | Offered knowledge of Searing Ray by Vehumet.
  3239 | D:6      | Reached ** piety under Vehumet
  3434 | D:7      | Found a basalt altar of Yredelemnul.
  3505 | D:7      | Reached XP level 9. HP: 42/51 MP: 8/16
  3621 | D:7      | Offered knowledge of Static Discharge by Vehumet.
  3621 | D:7      | Reached skill level 5 in Spellcasting
  3653 | D:7      | Slain by a killer bee

Vault maps used:
D:1:      lightli_arrival_maybe_door_vault
D:2:      chequers_ecumenical_altar_island, minmay_ruptured, uniq_sigmund
D:3:      st_stairs_12
D:4:      minmay_temple_entry_glass, first_ration, kennysheep_generic_room_8
D:5:      kennysheep_mini_moat, basic_altar, serial_shops, shop,
          uniq_blork_the_orc
D:6:      overflow_temple_1_default, serial_shops, shop
D:7:      overflow_temple_1_default, yredelemnul_forgotten_temple_becter
Temple:   minmay_crystal_spiral_temple

Skill      XL: |  1  2  3  4  5  6  7  8  9 |
---------------+----------------------------+-----
Conjurations   | 2 3 4 5 6 7 |  7.2
Fire Magic     | 4 5 6 7 |  7.9
Spellcasting   | 3 4 5 |  5.0
Shields        | 2 |  2.7
Dodging        | |  2.0
Stealth        | |  2.6

Action                   |  1- 3 |  4- 6 |  7- 9 || total
-------------------------+-------+-------+-------++-------
Melee: Unarmed           |    37 |       |       ||    37
       Constrict         |    14 |    17 |    39 ||    70
       Tentacles         |     5 |    12 |    30 ||    47
       Flail             |     3 |    12 |       ||    15
       Whip              |       |    63 |   159 ||   222
 Cast: Flame Tongue      |    39 |    10 |    16 ||    65
       Sticky Flame      |       |       |     3 ||     3
       Conjure Flame     |       |       |     1 ||     1
  Use: Scroll            |       |    10 |     2 ||    12
       Potion            |       |     1 |     6 ||     7
 Stab: Sleeping          |     4 |     4 |     8 ||    16
  Eat: Chunk             |       |     4 |     6 ||    10
Armor: Skin              |     2 |     8 |    32 ||    42
Dodge: Dodged            |    33 |    36 |   126 ||   195
Block: Shield            |     4 |    15 |    55 ||    74

Table legend:
 A = Spawn XP
 B = Non-spawn XP
 C = Spawn XP percentage of total XP
 D = Spawn monster count
 E = Non-spawn monster count
 F = Spawn count percentage of total count
 G = Total turns spent on level
                    A         B        C        D         E        F      G
               +---------+---------+-------+---------+---------+-------+---------
         Total |       0 |    2910 |   0.0 |       0 |     140 |   0.0 |  3653
               +---------+---------+-------+---------+---------+-------+---------
           D:1 |       0 |      46 |   0.0 |       0 |      26 |   0.0 |   624
           D:2 |       0 |     266 |   0.0 |       0 |      19 |   0.0 |   373
           D:3 |       0 |     301 |   0.0 |       0 |      28 |   0.0 |   681
           D:4 |       0 |     188 |   0.0 |       0 |      14 |   0.0 |   429
           D:5 |       0 |     436 |   0.0 |       0 |      14 |   0.0 |   511
           D:6 |       0 |     923 |   0.0 |       0 |      23 |   0.0 |   637
           D:7 |       0 |     750 |   0.0 |       0 |      16 |   0.0 |   235
               +---------+---------+-------+---------+---------+-------+---------
